 Dungeon Sprint DCSS version 0.23.0 (webtiles) character file.

Game seed: 3489954719170116671

512 nuthulu the Covert (level 6, -4/36 HPs)
             Began as a Spriggan Assassin on Feb 18, 2019.
             Was a Priest of Dithmenos.
             Slain by a +2 flail of draining (8 damage)
             ... in the Dungeon (Sprint V: "Ziggurat Sprint").
             The game lasted 00:02:12 (363 turns).

nuthulu the Covert (Spriggan Assassin)               Turns: 363, Time: 00:02:12

Health: -4/36      AC:  3    Str:  7    XL:     6   Next: 99%
Magic:  7/7        EV: 29    Int: 12    God:    Dithmenos [***...]
Gold:   0          SH:  0    Dex: 32    Spells: 5/5 levels left

rFire    . . .     SeeInvis +   I - +9 quick blade
rCold    . . .     Gourm    .   (shield restricted)
rNeg     . . .     Faith    .   c - +0 robe
rPois    .         Spirit   .   (helmet restricted)
rElec    .         Reflect  .   d - +0 cloak
rCorr    .         Harm     .   (gloves unavailable)
MR       +....     NoTele   +   (boots unavailable)
Stlth    ++++++++..             (no amulet)
HPRegen  0.12/turn              C - +6 ring of dexterity
MPRegen  0.10/turn              D - +6 ring of dexterity

@: hasted, wreathed by umbra, drained, very quick
A: very small, unfitting armour, see invisible, herbivore, speed 3, slow
metabolism 2
a: Shadow Step, Renounce Religion


You were in the Dungeon.
You worshipped Dithmenos.
Dithmenos was most pleased with you.
You were not hungry.

You visited 1 branch

Inventory:

Hand Weapons
 a - a +2 dagger
 b - a +0 blowgun
 I - a +9 quick blade (weapon)
Missiles
 e - 8 poisoned needles
 f - 2 curare-tipped needles
Armour
 c - a +0 robe (worn)
 d - a +0 cloak (worn)
Jewellery
 q - an uncursed ring of positive energy
 C - a +6 ring of dexterity (left hand)
 D - a +6 ring of dexterity (right hand)
 E - a +6 ring of intelligence
 F - a +6 ring of intelligence
 G - a +6 ring of strength
 H - a +6 ring of strength
 J - a +1 ring of evasion
Wands
 z - a wand of disintegration (7)
 A - a wand of iceblast (7)
 B - a wand of acid (7)
Scrolls
 m - 4 scrolls of blinking
 t - 4 scrolls of amnesia
 u - 7 scrolls of fog
 v - a scroll of holy word
 w - 5 scrolls of identify
 x - 5 scrolls of remove curse
 y - 2 scrolls of fear
Potions
 h - 9 potions of curing
 i - 8 potions of heal wounds
 j - 4 potions of haste
 k - 7 potions of magic
 l - 2 potions of berserk rage
 n - 2 potions of brilliance
 o - 2 potions of invisibility
 p - 4 potions of resistance
 r - 5 potions of agility
 s - 3 potions of might
Comestibles
 g - 7 rations


   Skills:
 + Level 5.8(4.6) Fighting
 - Level 8.4(7.2) Short Blades
 + Level 7.0(5.8) Throwing
 + Level 9.6(8.3) Dodging
 + Level 11.7(10.3) Stealth


You had 5 spell levels left.
You didn't know any spells.
Your spell library was empty.

Dungeon Overview and Level Annotations

Branches:
Dungeon (1/1)

Altars:
Ashenzari
Cheibriados
Dithmenos
Elyvilon
Fedhas
Gozag
Hepliaklqana
Kikubaaqudgha
Makhleb
Nemelex Xobeh
Okawaru
Qazlal
Ru
Sif Muna
Trog
Uskayaw
Vehumet
Wu Jian
Xom
Yredelemnul
Zin
The Shining One
Beogh
Jiyva
Lugonu

Annotations:
D 1 transporter


Innate Abilities, Weirdness & Mutations

You are very small and have problems with some larger weapons.
You are too small for most types of armour.
You have supernaturally acute eyesight. (SInv)
You are a herbivore.
You cover ground extremely quickly.
You need to consume almost no food.


Message History

The +2 flail of draining is lightly damaged.
You hit the +2 flail of draining.
The +2 flail of draining is lightly damaged.
The +2 flail of draining hits you!
You feel drained.
Unknown command.
You feel much better. The air elemental misses you.
The deep elf mage mumbles some strange words.
The deep elf mage blinks!
The +2 flail of draining hits you!!
Ouch! That really hurt!
You emit a cloud of dark smoke.
You feel drained. The air elemental barely misses you.
You feel yourself speed up. The air elemental misses you.
The +2 flail of draining hits you!
* * * LOW HITPOINT WARNING * * *
You feel drained.
* * * LOW HITPOINT WARNING * * *
The air elemental completely misses you.
The deep elf mage gestures wildly while chanting.
The air elemental misses you. The +2 flail of draining hits you!
You die...

▓..)†.▓)....▓..†..▓
▓.....▓.....▓.....▓
▓.....▓.....▓..©..▓
▓..©..▓..©..▓▓▓▓▓▓▓
▓▓▓▓▓▓▓▓▓▓▓▓▓▓▓▓▓▓▓
▓..8©8...▓..8©8.e.▓
▓..[:)...▓§§|?}...▓
▓...:....▓§((.:rr.▓
▓........▓§@E.....▓
▓........▓§§e.....▓
▓.▓....▓.▓........▓
▓...©....▓...©....▓
▓▓▓▓▓▓▓▓▓▓▓▓▓▓▓▓▓▓▓


You could see 2 deep elf magi, an air elemental, 2 hell rats and 2 dancing
weapons.

Vanquished Creatures
  A water moccasin (D)
  2 phantoms (D)
  A necrophage (D)
  2 wights (D)
  3 mummies (D)
  An adder (D)
  An adder zombie (D)
  A bat skeleton (D)
  A bat zombie (D)
13 creatures vanquished.

Notes
Turn   | Place    | Note
-------+----------+-------------------------------------------
     0 | D        | Found the +6 Majin-Bo {vamp, Archmagi MP+6 Int+6}
     0 | D        | Found the +7 great mace "Firestarter" {inner flame, rF++}
     0 | D        | nuthulu the Spriggan Assassin began the quest for the Orb.
     0 | D        | Reached XP level 1. HP: 10/10 MP: 2/2
     0 | D        | Found a deep blue altar of Sif Muna.
     0 | D        | Found a sacrificial altar of Ru.
     0 | D        | Found a bloodstained altar of Trog.
     0 | D        | Found a stormy altar of Qazlal.
     0 | D        | Found an iron altar of Okawaru.
     0 | D        | Found a sparkling altar of Nemelex Xobeh.
     0 | D        | Found a blossoming altar of Fedhas.
     2 | D        | Found a transporter.
     2 | D        | Found an ancient bone altar of Kikubaaqudgha.
     2 | D        | Found a viscous altar of Jiyva.
     2 | D        | Found a corrupted altar of Lugonu.
     2 | D        | Found a hazy altar of Hepliaklqana.
     2 | D        | Found a burning altar of Makhleb.
     2 | D        | Found an opulent altar of Gozag.
    27 | D        | Reached XP level 2. HP: 14/14 MP: 3/3
    36 | D        | Became a worshipper of Dithmenos the Shadowed
    50 | D        | Entered arena 2.
    50 | D        | Noticed a water moccasin
    50 | D        | Found a transporter.
    61 | D        | Killed a water moccasin
    61 | D        | Reached skill level 5 in Dodging
    61 | D        | Reached skill level 8 in Stealth
    61 | D        | Reached XP level 3. HP: 20/20 MP: 4/4
    61 | D        | Reached XP level 4. HP: 24/24 MP: 5/5
   201 | D        | Entered arena 3.
   201 | D        | Noticed a phantom
   201 | D        | Found a transporter.
   210 | D        | Reached * piety under Dithmenos
   234 | D        | Reached skill level 9 in Stealth
   234 | D        | Reached XP level 5. HP: 23/29 MP: 6/6
   238 | D        | Killed a phantom
   238 | D        | Reached skill level 5 in Throwing
   238 | D        | Reached skill level 10 in Stealth
   307 | D        | Entered arena 4.
   307 | D        | Noticed a phantom
   307 | D        | Noticed a necrophage
   307 | D        | Found a transporter.
   320 | D        | Reached ** piety under Dithmenos
   320 | D        | Reached XP level 6. HP: 35/35 MP: 7/7
   324 | D        | Reached skill level 5 in Fighting
   324 | D        | Reached skill level 11 in Stealth
   334 | D        | Entered arena 5.
   334 | D        | Found a transporter.
   338 | D        | Reached *** piety under Dithmenos
   356 | D        | Entered arena 6.
   356 | D        | Noticed a deep elf mage
   356 | D        | Noticed an air elemental
   356 | D        | Noticed a deep elf mage
   356 | D        | Noticed a +2 flail of draining
   356 | D        | Noticed a +3 hand axe of flaming
   356 | D        | Found a transporter.
   363 | D        | Slain by a +2 flail of draining

Skill      XL: |  1  2  3  4  5  6 |
---------------+-------------------+-----
Short Blades   | 8 |  8.4
Fighting       | 3 4 5 |  5.8
Throwing       | 4 5 7 |  7.0
Dodging        | 5 6 8 9 |  9.6
Stealth        | 8 9 10 11 | 11.7

Action                   |  1- 3 |  4- 6 || total
-------------------------+-------+-------++-------
Melee: Quick blade       |     6 |    63 ||    69
  Use: Potion            |     5 |     4 ||     9
       Scroll            |       |     4 ||     4
 Stab: Sleeping          |       |     3 ||     3
Armor: Robe              |     4 |     3 ||     7
Dodge: Dodged            |     7 |    30 ||    37
